 Dungeon Crawl Stone Soup version 0.29.0-11-gd7f09526c8 (webtiles) character file.

Game seed: 4823186457142092528

184 VictoriousLee the Shooter (level 5, 0/25 HPs)
             Began as a Spriggan Arcane Marksman on Sept 4, 2022.
             Slain by an orc wizard
             ... wielding a +0 dagger
              (5 damage)
             ... on level 3 of the Dungeon.
             The game lasted 00:10:43 (3028 turns).

VictoriousLee the Shooter (SpAM)                    Turns: 3028, Time: 00:10:44

Health: 0/25       AC:  2    Str:  6    XL:     5   Next: 36%
Magic:  8/8        EV: 17    Int: 21    God:
Gold:   146        SH:  0    Dex: 17    Spells: 2/6 levels left

rFire   . . .      SeeInvis +   b - +2 short sword (freeze)
rCold   + . .      Faith    .   u - orb {mayhem}
rNeg    . . .      Spirit   .   c - +0 robe
rPois   .          Reflect  .   (helmet restricted)
rElec   .          Harm     .   (no cloak)
rCorr   .          Rampage  .   (gloves unavailable)
Will    .....                   (boots unavailable)
Stlth   ++........              (no amulet)
HPRegen 0.08/turn               k - ring of protection from cold
MPRegen 0.11/turn               x - +6 ring of intelligence

@: very quick
A: very small, no large weapons, unfitting armour, see invisible, speed 3
a: no special abilities


You were on level 3 of the Dungeon.
You visited 1 branch of the dungeon, and saw 4 of its levels.

You collected 146 gold pieces.

Inventory:

Hand Weapons
 a - a +1 sling
 b - a +2 short sword of freezing (weapon)
 d - a +1 spear of freezing
 g - a +0 dagger
 o - a +2 dagger of draining
 w - a +2 short sword of draining
Missiles
 t - 3 curare-tipped darts
Armour
 c - a +0 robe (worn)
 u - an orb of mayhem (worn)
Jewellery
 k - a ring of protection from cold (left hand)
 x - a +6 ring of intelligence (right hand)
Wands
 p - a wand of quicksilver (5)
Scrolls
 f - a scroll of identify
 h - 4 scrolls of teleportation {unknown}
 i - 2 scrolls of poison
 l - 4 scrolls of vulnerability {unknown}
 m - 4 scrolls of silence {unknown}
 r - a scroll of fog {unknown}
 s - a scroll of amnesia {unknown}
 y - a scroll of fear {unknown}
Potions
 e - a potion of might
 j - 7 potions of curing
 n - a potion of attraction
 q - 3 potions of haste
 v - a potion of lignification {unknown}


   Skills:
 - Level 0.7 Fighting
 + Level 5.1 Ranged Weapons
 - Level 2.6 Dodging
 - Level 1.3 Spellcasting
 - Level 3.6 Hexes
 * Level 3.1 Translocations


You had 2 spell levels left.
You knew the following spells:

 Your Spells              Type           Power      Damage    Failure   Level
a - Slow                  Hex            64%        N/A       3%          1
b - Portal Projectile     Hex/Tloc       30%        N/A       12%         3

Your spell library contained the following spells:

 Spells                   Type           Power      Damage    Failure   Level
 Magic Dart               Conj           4%         1d3       16%         1
 Call Imp                 Summ           1%         N/A       24%         2
 Inner Flame              Hex/Fire       9%         N/A       22%         3
 Cause Fear               Hex            8%         N/A       34%         4
 Ignite Poison            Fire/Tmut/Pois 1%         N/A       43%         3
 Mephitic Cloud           Conj/Pois/Air  1%         N/A       43%         3
 Freezing Cloud           Conj/Ice/Air   0%         6-21      99%         5


Dungeon Overview and Level Annotations

Branches:
Dungeon (4/15)
 Temple: D:4-7

Altars:
Ashenzari

Shops:
D:3 *


Innate Abilities, Weirdness & Mutations

You are very small and have problems with some larger weapons.
You are too small for most types of armour.
You have supernaturally acute eyesight. (SInv)
You cover ground extremely quickly. (Speed+++)


Message History

You hit the hobgoblin. You freeze the hobgoblin.
The hobgoblin is almost dead.
The hobgoblin hits you.
You completely miss the hobgoblin.
The hobgoblin is almost dead.
A ball python comes into view.
The hobgoblin barely misses you.
An orc warrior comes into view. It is wielding a +0 short sword.
You closely miss the hobgoblin.
The hobgoblin is almost dead.
The hobgoblin misses you.
You barely miss the hobgoblin.
The hobgoblin is almost dead.
The hobgoblin hits you. The hobgoblin barely misses you.
The orc wizard hits you with a +0 dagger.
You climb upwards.
There is a stone staircase leading down here.
You hit the hobgoblin. You freeze the hobgoblin.
You kill the hobgoblin!
The orc wizard flies into a frenzy!
The orc wizard hits you with a +0 dagger.
The orc wizard hits you but does no damage.
You hit the orc wizard. You freeze the orc wizard.
The orc wizard is moderately wounded.
The orc wizard hits you but does no damage.
You hit the orc wizard. You freeze the orc wizard.
The orc wizard is heavily wounded.
The orc wizard barely misses you. x2
You see here a hobgoblin corpse.
The orc wizard hits you with a +0 dagger.
You hit the orc wizard. You freeze the orc wizard.
The orc wizard is almost dead.
The orc wizard hits you with a +0 dagger.
* * * LOW HITPOINT WARNING * * *
The orc wizard closely misses you.
You hit the orc wizard but do no damage.
The orc wizard is almost dead.
The orc wizard hits you with a +0 dagger.
You die...

#.# ##.##### #.#
#.# #.# #.# #.#
#.# #.# #.#
########.# #.#
#........# #.#
##.######## #.#
##.####### #@#
.<.(..)..# #o#
##.#####.#######.#
##.# #.....>†..#
##.# ###########
.#.# .#.##
....#######
<#........#


You could see a neutral orc wizard (fast, strong, insane).

Vanquished Creatures
  3 gnolls (D:3)
  6 adders
  A worm (D:2)
  2 dart slugs (D:1)
  6 bats
  10 endoplasms
  2 giant cockroaches
  5 goblins
  11 hobgoblins
  7 jackals (D:2)
  7 kobolds
  4 quokkas
  10 ball pythons
  5 frilled lizards
  8 rats
87 creatures vanquished.

Notes
Turn   | Place    | Note
-------+----------+-------------------------------------------
     0 | D:1      | VictoriousLee the Spriggan Arcane Marksman began the quest
                  | for the Orb.
     0 | D:1      | Reached XP level 1. HP: 9/9 MP: 3/3
   133 | D:1      | Found a faded altar of an unknown god.
   174 | D:1      | Reached XP level 2. HP: 10/14 MP: 5/5
   287 | D:1      | Reached skill level 3 in Ranged Weapons
   559 | D:1      | Reached XP level 3. HP: 17/17 MP: 6/6
   923 | D:1      | Reached skill level 4 in Ranged Weapons
  1367 | D:2      | Reached XP level 4. HP: 20/21 MP: 7/7
  1532 | D:2      | Learned a level 3 spell: Portal Projectile
  1938 | D:3      | Found Xoafun's General Store.
  2177 | D:3      | Reached skill level 1 in Translocations
  2305 | D:3      | Reached skill level 5 in Ranged Weapons
  2519 | D:3      | Reached XP level 5. HP: 25/25 MP: 8/8
  2692 | D:3      | Found a broken altar of Ashenzari.
  3012 | D:4      | Noticed an orc warrior
  3028 | D:3      | Slain by an orc wizard

Illustrated notes

Levels and vault maps discovered:
D:1:      elethiomel_arrival_shortcut, layout_loops_ring,
          shapermc_ecumenical_altar_hornbeckon
D:2:      layout_rooms, minmay_puff
D:3:      minmay_evil_eye, layout_loops_ring, ashenzari_altar_1, serial_shops,
          shop, kennysheep_generic_room_2
D:4:      layout_rooms, lemuel_temple_firewalk_a

Skill      XL: |  1  2  3  4  5 |
---------------+----------------+-----
Ranged Weapons | 3 4 5 |  5.1
Translocations | 2 3 |  3.1
Fighting       | |  0.7
Dodging        | |  2.6
Spellcasting   | |  1.3
Hexes          | |  3.6

Action                   |  1- 3 |  4- 6 || total
-------------------------+-------+-------++-------
Melee: Dagger            |    18 |     7 ||    25
       Short sword       |       |    24 ||    24
 Fire: Sling             |    86 |   117 ||   203
  Use: Scroll            |       |     4 ||     4
Armor: Robe              |     3 |     8 ||    11
Dodge: Dodged            |    27 |    53 ||    80
